 Dungeon Sprint DCSS version 0.21.0-37-g46506fa (webtiles) character file.

2095 sanboga the Fighter (level 9, -1/100 HPs)
             Began as a Gargoyle Berserker on Jan 31, 2018.
             Was a High Priest of Trog.
             Slain by a tentacle (4 damage)
             ... attached to a kraken
             ... in the Dungeon (Sprint II: "The Violet Keep of Menkaure").
             The game lasted 00:07:25 (1496 turns).

sanboga the Fighter (Gargoyle Berserker)            Turns: 1496, Time: 00:07:26

Health: -1/100     AC: 26    Str: 26 (28) XL:     9   Next: 27%
Magic:  9/9        EV: 12    Int:  9 (12) God:    Trog [*****.]
Gold:   225        SH:  0    Dex:  7 (9)  Spells: 8/8 levels left

rFire    . . .     SeeInvis .   e - +1 hand axe (freeze)
rCold    + . .     Gourm    .   (no shield)
rNeg     + . .     Faith    .   a - +4 chain mail {rC+}
rPois    ∞         Spirit   .   b - +2 helmet {Int+3}
rElec    +         Reflect  .   (no cloak)
rCorr    .         Harm     .   (no gloves)
MR       .....     NoTele   +   (no boots)
Stlth    ..........             (no amulet)
HPRegen  0.26/turn              n - +2 ring of evasion
MPRegen  0.11/turn              (no ring)

@: berserking, very quick
A: negative energy resistance 1, electricity resistance, unbreathing,
petrification resistance, rot immunity, AC +6
a: Berserk, Trog's Hand, Brothers in Arms, Burn Spellbooks, Renounce Religion


You were in the Dungeon.
You worshipped Trog.
Trog was extremely pleased with you.
You were very hungry.

You visited 1 branch You collected 1140 gold pieces.
You spent 915 gold pieces at shops.

Inventory:

Hand Weapons
 e - a +1 hand axe of freezing (weapon)
Armour
 a - a +4 chain mail of cold resistance (worn)
 b - a +2 helmet of intelligence (worn)
Jewellery
 n - a +2 ring of evasion (left hand)
 v - an uncursed amulet of faith
Scrolls
 i - 2 scrolls of blinking
 m - 2 scrolls of immolation
 q - 3 scrolls of enchant weapon
Potions
 d - a potion of curing
 f - 4 potions of haste
 g - 6 potions of magic
 h - a potion of berserk rage
 o - a potion of ambrosia
 p - 3 potions of resistance
 s - 2 potions of agility
 z - 2 potions of flight
Comestibles
 l - 6 rations


   Skills:
 + Level 12.9 Fighting
 + Level 11.1 Axes
 + Level 12.7 Armour
 - Level 3.0 Dodging


You had 8 spell levels left.
You didn't know any spells.

Dungeon Overview and Level Annotations

Branches:
Dungeon (1/1)

Altars:
Cheibriados
Dithmenos
Elyvilon
Fedhas
Gozag
Kikubaaqudgha
Makhleb
Nemelex Xobeh
Okawaru
Sif Muna
Trog
Uskayaw
Vehumet
Xom
Yredelemnul
Zin
The Shining One
Beogh
Jiyva
Lugonu

Shops:
D :[}(![!=:%?[}[=[

Annotations:
D exclusion: oklob plant


Innate Abilities, Weirdness & Mutations

You are resistant to torment.
Your stone body is resilient. (AC +6)
You are immune to poison.
You resist negative energy. (rN+)
You are resistant to electric shocks. (rElec)
You can survive without breathing.
You are immune to petrification.
You are immune to rotting.


Message History

A tentacle comes into view.
You slash the tentacle! You freeze the tentacle.
The tentacle is almost dead.
You hit the kraken.
The kraken seems to slow down.
You freeze the kraken. You slash the tentacle! You freeze the tentacle.
The tentacle barely misses you.
The tentacle slaps you but does no damage.
You hit the tentacle. You freeze the tentacle.
You kill the tentacle!
You hit the tentacle but do no damage. You hit the kraken but do no damage.
The tentacle closely misses you. The kraken bites you!!
* * * LOW HITPOINT WARNING * * *
You closely miss the tentacle.
The tentacle is moderately wounded.
You slash the kraken! You freeze the kraken. The tentacle slaps you.
* * * LOW HITPOINT WARNING * * *
You hit the tentacle. You freeze the tentacle.
The tentacle is moderately wounded.
You hit the kraken. You freeze the kraken. The tentacle slaps you.
You die...

.*,,#§)▓.....[..▓▓,⌠,*,*,+≈,,≈+,*
.##.#[}▓.(....((▓▓,,,*,*,+≈,,≈+,*
...####▓.((.....▓▓,,,*,*,+≈,,≈+,*
#..##.#▓..)(....▓▓,,,*,*,+≈,,≈+,*
+..#..#▓.[[[.())▓▓,,,*,*,+≈,,≈+,*
#..#.÷#▓....[...▓▓,⌠,*,*,*≈,,≈*,*
#..##)#▓)).[..=.▓▓,,,*,*,*≈,,≈*,*
##...##▓▓▓▓▓▓▓'▓▓▓▓+▓*,***≈,,≈***
.≈≈≈≈≈≈≈≈≈≈≈≈≈..@Xw≈▓,,,,,,,,**
.≈#+########+###.w≈≈▓,,,,,,,**
.≈#_._.....#t§§##w≈≈▓,,,,,,**
.≈#._._....#§t≈§####▓****≈**
≈≈#_._._...#§§≈§§#*,,*,,*≈*
≈§#._._._..#≈§§≈≈§*,,*,,*≈*
§≈#_._._._.#§§§§§§+,,+,,*≈*
≈≈#._._._._#§§§§≈§*,,*,,*≈*
§§#.._._,_,*≈≈≈≈≈≈*,,*,,*≈*


You could see a kraken and 3 tentacles.

Vanquished Creatures
  A yaktaur (D)
  3 polar bears (D)
  A hornet (D)
  2 hippogriffs (D)
  2 tyrant leeches (D)
  Menkaure (D)
  A scorpion (D)
  4 worker ants (D)
  3 worms (D)
  2 tentacles (D)
20 creatures vanquished.

Vanquished Creatures (others)
  A crocodile (D)
  24 tentacles (D)
25 creatures vanquished.

Grand Total: 45 creatures vanquished

Notes
Turn   | Place    | Note
-------+----------+-------------------------------------------
     0 | D        | sanboga the Gargoyle Berserker began the quest for the Orb.
     0 | D        | Reached XP level 1. HP: 14/14 MP: 1/1
     1 | D        | Noticed a tyrant leech
     1 | D        | Noticed a tyrant leech
     5 | D        | Noticed a hippogriff
     5 | D        | Noticed a hippogriff
    17 | D        | Reached XP level 2. HP: 6/20 MP: 2/2
    28 | D        | Killed a crocodile
   268 | D        | Noticed an orange crystal statue
   272 | D        | Reached ** piety under Trog
   299 | D        | Reached XP level 3. HP: 14/24 MP: 3/3
   301 | D        | Reached skill level 5 in Fighting
   301 | D        | Reached XP level 4. HP: 14/31 MP: 4/4
   302 | D        | Reached skill level 5 in Armour
   305 | D        | Reached *** piety under Trog
   305 | D        | Reached skill level 5 in Axes
   547 | D        | Found Tuyk's Armour Shop.
   549 | D        | Found Coqoc's Jewellery Boutique.
   551 | D        | Found Eder's Gadget Boutique.
   551 | D        | Found Tifetoerr's Armour Shop.
   553 | D        | Found Vytsoss's Food Shop.
   553 | D        | Found Ruetruag's Book Boutique.
   554 | D        | Found Hehoz's Antique Armour Boutique.
   554 | D        | Found Ecrevech's Distillery.
   555 | D        | Found Laul's Jewellery Shop.
   556 | D        | Found Icutocw's Gadget Shop.
   556 | D        | Found Ojeiposk's Antique Armour Boutique.
   557 | D        | Found Vyeffoq's Magic Scroll Shop.
   557 | D        | Found Cigruag's Antique Weapon Boutique.
   558 | D        | Found Xahevur's Armour Shop.
   558 | D        | Found Pigy's Distillery.
   560 | D        | Noticed a wyvern
   561 | D        | Noticed Menkaure
   561 | D        | Noticed an oklob plant
   562 | D        | Found Kihun's Book Shoppe.
   562 | D        | Noticed a wyvern
   575 | D        | Killed Menkaure
   575 | D        | Reached XP level 5. HP: 36/39 MP: 5/5
   575 | D        | Reached XP level 6. HP: 41/44 MP: 6/6
   664 | D        | Noticed a manticore
   665 | D        | Noticed a manticore
   667 | D        | Noticed a manticore
   696 | D        | Bought a glowing hand axe for 132 gold pieces
   718 | D        | Bought a +3 chain mail of cold resistance for 291 gold pieces
   783 | D        | Killed a tyrant leech
   783 | D        | Reached **** piety under Trog
   783 | D        | Reached XP level 7. HP: 21/51 MP: 7/7
   783 | D        | Killed a tyrant leech
   783 | D        | Reached skill level 10 in Fighting
   783 | D        | Reached skill level 10 in Armour
  1004 | D        | Killed a hippogriff
  1004 | D        | Reached XP level 8. HP: 59/59 MP: 8/8
  1008 | D        | Killed a hippogriff
  1015 | D        | Noticed an ice statue
  1051 | D        | Bought a runed helmet for 217 gold pieces
  1064 | D        | Bought a scroll of enchant weapon for 105 gold pieces
  1064 | D        | Bought a scroll of enchant armour for 105 gold pieces
  1074 | D        | Bought a ration for 65 gold pieces
  1105 | D        | Found an iron altar of Okawaru.
  1105 | D        | Found a radiant altar of Vehumet.
  1105 | D        | Found a glowing silver altar of Zin.
  1106 | D        | Found a sparkling altar of Nemelex Xobeh.
  1106 | D        | Found a hide-covered altar of Uskayaw.
  1106 | D        | Found a basalt altar of Yredelemnul.
  1106 | D        | Found a glowing golden altar of the Shining One.
  1107 | D        | Found an opulent altar of Gozag.
  1107 | D        | Found a burning altar of Makhleb.
  1107 | D        | Found a bloodstained altar of Trog.
  1107 | D        | Found a shimmering altar of Xom.
  1109 | D        | Found a blossoming altar of Fedhas.
  1109 | D        | Found a corrupted altar of Lugonu.
  1109 | D        | Found a deep blue altar of Sif Muna.
  1111 | D        | Found a white marble altar of Elyvilon.
  1111 | D        | Found an ancient bone altar of Kikubaaqudgha.
  1112 | D        | Found a shadowy altar of Dithmenos.
  1112 | D        | Found a viscous altar of Jiyva.
  1113 | D        | Found a snail-covered altar of Cheibriados.
  1115 | D        | Noticed a yaktaur
  1115 | D        | Noticed a hornet
  1115 | D        | Noticed a polar bear
  1116 | D        | Noticed a polar bear
  1128 | D        | Killed a polar bear
  1128 | D        | Reached ***** piety under Trog
  1128 | D        | Reached skill level 10 in Axes
  1133 | D        | Noticed a polar bear
  1136 | D        | Killed a polar bear
  1139 | D        | Killed a yaktaur
  1139 | D        | Reached XP level 9. HP: 66/66 MP: 9/9
  1143 | D        | Killed a hornet
  1157 | D        | Killed a polar bear
  1229 | D        | Found a roughly hewn altar of Beogh.
  1236 | D        | Noticed a kraken
  1494 | D        | HP: 5/100 [kraken (19)]
  1495 | D        | HP: 2/100 [tentacle[a kraken] (3)]
  1496 | D        | Slain by a tentacle

Skill      XL: |  1  2  3  4  5  6  7  8  9 |
---------------+----------------------------+-----
Axes           | 3 4 6 8 9 10 11 | 11.1
Dodging        | 2 3 |  3.0
Armour         | 3 4 7 9 10 12 | 12.7
Fighting       | 4 5 7 9 10 12 | 12.9

Action                   |  1- 3 |  4- 6 |  7- 9 || total
-------------------------+-------+-------+-------++-------
Melee: Hand axe          |    20 |    38 |    57 ||   115
Invok: Berserk           |     2 |     2 |     3 ||     7
  Use: Potion            |     1 |       |     4 ||     5
       Scroll            |       |     1 |    12 ||    13
  Eat: Ration            |       |     1 |     1 ||     2
Armor: Animal skin       |     7 |     1 |       ||     8
       Chain mail        |       |    11 |    69 ||    80
Dodge: Dodged            |    11 |     8 |    41 ||    60
